 Dungeon Sprint DCSS version 0.30-a0-371-gad7725a93e (webtiles) character file.

Game seed: 14256897304967905859

522 Kingsmith the Fighter (level 7, -1/53 HPs)
             Began as a Gargoyle Fighter on Nov 21, 2022.
             Was a Follower of Makhleb.
             Slain by a two-headed ogre
             ... wielding a +0 giant club
              (9 damage)
             ... in the Dungeon (Sprint IX: "|||||||||||||||||||||||||||||").
             The game lasted 00:01:27 (192 turns).

Kingsmith the Fighter (Gargoyle Fighter)             Turns: 192, Time: 00:01:28

Health: -1/53      AC: 21    Str: 19    XL:     7   Next: 22%
Magic:  7/7        EV:  6    Int: 11    God:    Makhleb [*.....]
Gold:   0          SH:  5    Dex:  9    Spells: 6/6 levels left

rFire   . . .      SeeInvis .    a - +0 flail
rCold   . . .      Faith    .    c - +0 buckler
rNeg    + . .      Spirit   .    q - +0 plate armour
rPois   ∞          Reflect  .    (no helmet)
rElec   +          Harm     .    p - +0 cloak
rCorr   .          Rampage  .    (no gloves)
Will    .....      NoTele   +    o - +0 pair of boots
Stlth   ..........               (no amulet)
HPRegen 0.28/turn                (no ring)
MPRegen 0.10/turn                (no ring)

@: on berserk cooldown, hasted and slowed
A: sickness immunity, AC +4, negative energy resistance 1, electricity
resistance, torment resistance 1, petrification resistance
a: Renounce Religion


You were in the Dungeon.
You worshipped Makhleb.
Makhleb was aware of your devotion.
You visited 1 branch

Inventory:

Hand Weapons
 a - a +0 flail (weapon)
 n - the +2 halberd "Muaneyvo" {flame, rF+ rN+}
   (You found it in the Dungeon)

   It burns those it strikes, dealing additional fire damage.
   Big, fiery blades are also staple armaments of hydra-hunters.
   rF:        It protects you from fire.
   rN:        It protects you from negative energy.
Armour
 c - a +0 buckler (worn)
 o - a +0 pair of boots (worn)
 p - a +0 cloak (worn)
 q - a +0 plate armour (worn)
Jewellery
 r - a +3 ring of intelligence
 s - a +3 ring of strength
Wands
 m - a wand of roots (10)
Scrolls
 j - 2 scrolls of blinking
 l - 2 scrolls of amnesia
Potions
 d - a potion of might
 e - 5 potions of curing
 h - 4 potions of magic
 k - a potion of invisibility


   Skills:
 * Level 10.9 Fighting
 - Level 3.8 Maces & Flails
 + Level 5.1 Polearms
 + Level 8.1 Armour
 + Level 8.1 Shields


You had 6 spell levels left.
You didn't know any spells.
Your spell library was empty.

Dungeon Overview and Level Annotations

Branches:
Dungeon (1/1)

Altars:
Cheibriados
Dithmenos
Elyvilon
Fedhas
Gozag
Hepliaklqana
Kikubaaqudgha
Makhleb
Nemelex Xobeh
Okawaru
Qazlal
Ru
Sif Muna
Trog
Uskayaw
Vehumet
Wu Jian
Xom
Yredelemnul
Zin
The Shining One
Jiyva
Lugonu


Innate Abilities, Weirdness & Mutations

You are immune to sickness and miasma.
Your stone body is resilient. (AC +4)
You are immune to poison.
You resist negative energy. (rN+)
You are resistant to electric shocks. (rElec)
You are resistant to unholy torment.
You are immune to petrification.


Message History

The yak barely misses you.
You hit the yak but do no damage.
The yak is severely wounded.
The yak barely misses you. You block the yak's attack.
You hit the yak.
The yak is severely wounded.
The yak snorts and paws the ground.
The yak barely misses you. The yak gores you but does no damage.
You hit the yak.
The yak is almost dead.
The yak barely misses you. The yak gores you but does no damage.
You sock the yak!
You kill the yak!
Makhleb accepts your kill.
You can now gain health from killing.
You feel better.
The two-headed ogre hits you but does no damage.
The two-headed ogre hits you with a +0 giant spiked club!
* * * LOW HITPOINT WARNING * * *
Your Polearms skill increases to level 5!
Your Armour skill increases to level 8!
Your Shields skill increases to level 8!
You have reached level 7!
You feel much better.
The two-headed ogre hits you with a +0 giant club.
The two-headed ogre hits you but does no damage.
You sock the two-headed ogre!
The two-headed ogre is lightly wounded.
The two-headed ogre hits you with a +0 giant club!
* * * LOW HITPOINT WARNING * * *
The two-headed ogre hits you with a +0 giant spiked club.
* * * LOW HITPOINT WARNING * * *
Unknown command.
You feel much better.
The two-headed ogre hits you with a +0 giant club.
The two-headed ogre hits you with a +0 giant spiked club!
You feel yourself speed up.
The two-headed ogre hits you with a +0 giant club!
* * * LOW HITPOINT WARNING * * *
The two-headed ogre hits you with a +0 giant spiked club!
You die... ▓▓▓▓▓▓▓▓▓▓▓▓▓▓▓▓▓▓▓▓▓▓▓▓▓▓ _________'..)...@OKc...... ▓▓▓▓▓▓▓▓▓▓▓▓▓▓▓▓▓▓▓▓▓▓▓▓▓▓

You could see a two-headed ogre, a kobold brigand and a centaur.

Vanquished Creatures
  A troll (D)
  A yak (D)
  An acid dragon (D)
  An orc wizard (D)
  3 adders (D)
  A dart slug (D)
  An orc (D)
  A bat (D)
  A goblin (D)
  A ball python (D)
  A kobold (D)
13 creatures vanquished.

Notes
Turn   | Place    | Note
-------+----------+-------------------------------------------
     0 | D        | Kingsmith the Gargoyle Fighter began the quest for the Orb.
     0 | D        | Reached XP level 1. HP: 14/14 MP: 1/1
    13 | D        | Reached skill level 4 in Fighting
    17 | D        | Reached XP level 2. HP: 20/20 MP: 2/2
    48 | D        | Reached skill level 5 in Fighting
    48 | D        | Reached XP level 3. HP: 15/27 MP: 3/3
    69 | D        | Reached skill level 6 in Fighting
    69 | D        | Reached XP level 4. HP: 17/32 MP: 4/4
    76 | D        | Found a snail-covered altar of Cheibriados.
    76 | D        | Found a shadowy altar of Dithmenos.
    76 | D        | Found a white marble altar of Elyvilon.
    76 | D        | Found a blossoming altar of Fedhas.
    76 | D        | Found an opulent altar of Gozag.
    77 | D        | Found a hazy altar of Hepliaklqana.
    78 | D        | Found a viscous altar of Jiyva.
    79 | D        | Found an ancient bone altar of Kikubaaqudgha.
    80 | D        | Found a corrupted altar of Lugonu.
    81 | D        | Found a burning altar of Makhleb.
    82 | D        | Found a sparkling altar of Nemelex Xobeh.
    83 | D        | Found an iron altar of Okawaru.
    84 | D        | Found a stormy altar of Qazlal.
    85 | D        | Found a sacrificial altar of Ru.
    86 | D        | Found a shimmering blue altar of Sif Muna.
    87 | D        | Found a bloodstained altar of Trog.
    88 | D        | Found a hide-covered altar of Uskayaw.
    89 | D        | Became a worshipper of Makhleb the Destroyer
    90 | D        | Found a radiant altar of Vehumet.
    91 | D        | Found an ornate altar of the Wu Jian Council.
    92 | D        | Found a shimmering altar of Xom.
    93 | D        | Found a basalt altar of Yredelemnul.
    94 | D        | Found a glowing silver altar of Zin.
    95 | D        | Found a glowing golden altar of the Shining One.
   111 | D        | Got the +2 halberd "Muaneyvo" {flame, rF+ rN+}
   154 | D        | Noticed an acid dragon
   154 | D        | Noticed a troll
   154 | D        | Noticed a yak
   154 | D        | Noticed a two-headed ogre
   154 | D        | Noticed a kobold brigand
   154 | D        | Noticed a centaur
   166 | D        | Killed an acid dragon
   167 | D        | Reached skill level 8 in Fighting
   167 | D        | Reached XP level 5. HP: 39/39 MP: 5/5
   176 | D        | Killed a troll
   177 | D        | Reached skill level 10 in Fighting
   177 | D        | Reached XP level 6. HP: 16/48 MP: 6/6
   188 | D        | Killed a yak
   188 | D        | Reached * piety under Makhleb
   189 | D        | Reached skill level 5 in Polearms
   189 | D        | Reached XP level 7. HP: 9/53 MP: 7/7
   192 | D        | Slain by a two-headed ogre

Illustrated notes

Levels and vault maps discovered:
D:        linesprint [early_d, line_temple, items_1, d_10, items_2, lair_1,
          lair_end, items_3, orc_1, orc_end, items_4, d_15, swamp_1, shoals_1,
          snake_1, spider_1, d_20, vaults_1, items_5, swamp_end, shoals_end,
          snake_end, spider_end, vaults_end, d_27, items_6, zot_1, zot_end,
          crypt_end, forest_end, elf_end, slime_end, tomb_end, abyss_end,
          pan_hell_end]

Skill      XL: |  1  2  3  4  5  6 |
---------------+-------------------+-----
Fighting       | 4 5 6 8 10 | 10.9
Maces & Flails | 3 |  3.8
Armour         | 4 6 7 8 |  8.1
Shields        | 4 6 7 8 |  8.1
Polearms       | 2 4 5 |  5.1

Action                   |  1- 3 |  4- 6 |  7- 9 || total
-------------------------+-------+-------+-------++-------
Melee: Flail             |    57 |    30 |     1 ||    88
  Use: Potion            |       |     2 |     3 ||     5
Armor: Scale mail        |    36 |       |       ||    36
       Plate armour      |       |    24 |     1 ||    25
Dodge: Dodged            |    22 |    14 |       ||    36
Block: Buckler           |    15 |     9 |       ||    24

Table legend: (Time is in decaauts)
 A = Elapsed time spent in this place.
 B = Non-inter-level travel time spent in this place.
 C = Inter-level travel time spent in this place.
 D = Time resting spent in this place.
 E = Time spent auto-exploring this place.
 F = Levels seen in this place.
 G = Mean time per level.
                   A        B        C        D        E       F      G
               +--------+--------+--------+--------+--------+-----+--------+
         Total |    215 |    215 |      0 |      0 |      0 |   1 |  215.0 |
       Dungeon |    215 |    215 |      0 |      0 |      0 |   1 |  215.0 |
               +--------+--------+--------+--------+--------+-----+--------+

Top non-repeatable levels by time:
       D: 215 daAuts
